Login

Laval Rocket vs Syracuse Crunch

Created - 21 March 2024 at 23:08

Goals
1 2 3 T
Laval Rocket 3 0 2 5
Syracuse Crunch 0 2 4 6
Shots
1 2 3 T
Laval Rocket 17 6 9 32
Syracuse Crunch 0 11 18 29

GoalsPenalties
1st period
1. Laval Rocket , Owen Beck 5 (Lias Andersson 2, Wayne Simmonds 2) at 10:13
2. Laval Rocket , Owen Beck 6 (Tanner Pearson 8, Evgeny Svechnikov 7) at 10:55
3. Laval Rocket , Lucas Condotta 1 (Wayne Simmonds 3, Lias Andersson 3) at 12:15
No Penalty
2nd period
4. Syracuse Crunch , Simon Ryfors 4 (Jaydon Dureau 1) at 1:55
5. Syracuse Crunch , Simon Ryfors 5 (Gage Goncalves 4) at 3:00
Chris Wideman (LAV) for Cross-checking (Minor) at 3:06
Brenden Miller (SYR) for Holding Stick (Minor) at 10:08
3rd period
6. Syracuse Crunch , Alex Barre-Boulet 5 (Lucas Edmonds 2) at 0:14
7. Syracuse Crunch , Cole Koepke 5 (Alex Barre-Boulet 7) at 1:15
8. Laval Rocket , Evgeny Svechnikov 4 (Owen Beck 5) at 1:19
9. Laval Rocket , Juraj Slafkovsky 2 (Tanner Pearson 9, Evgeny Svechnikov 8) at 2:19 (PP)
10. Syracuse Crunch , Jaydon Dureau 2 (Declan Carlile 8, Simon Ryfors 2) at 11:11
11. Syracuse Crunch , Jack Thompson 1 (Alex Barre-Boulet 8, Cole Koepke 5) at 16:35 (PP)
Jack Thompson (SYR) for High sticking (Minor) at 2:12
Mattias Norlinder (LAV) for Holding (Minor) at 4:34
Alex Barre-Boulet (SYR) for Roughing (Minor) at 11:21
Nathan Legare (LAV) for Tripping (Minor) at 16:23
Goalie Stats
Joseph Vrbetic (LAV), 23 saves from 29 shots - (0.793), L, 0-1-1, 59:06 minutes
Luke Peressini (SYR), 27 saves from 32 shots - (0.844), W, 1-2-0, 60:00 minutes
3 StarsOfficial
1 - Simon Ryfors (SYR)
2 - Owen Beck (LAV)
3 - Alex Barre-Boulet (SYR)
Referees : Kevin Pollock and Francois St-Laurent
Linesman : Greg Devorski and Darren Gibbs
Game Note
No Game Note
Finance
Level 1 -- Attendance: 1773 (88.65%) -- Ticket Income $62,055
Level 2 -- Attendance: 892 (89.20%) -- Ticket Income $13,380
Total Attendance: 2665 (88.83%)
Total Ticket Income: $75,435
Other Income: $36,963
Total Income: $112,398



Team Name Goals Shots Shots Attemp Shots Blocked PIM HIT PP PK FO%
Laval Rocket 5325956291 / 3 (33%)154%
Syracuse Crunch 6294196211 / 3 (33%)146%

Laval Rocket
Player Name POS G A P +/- PIM HIT SHT SB MP PP MP PP SHT PK MP PK SHT FO% FOT GA TA
Brady KeeperD000-1010016:400:0001:5600% 000
Chris WidemanD0002213125:172:1800:5400% 001
Curtis McKenzieLW000-1040115:260:0000:00063% 810
Emil HeinemanLW000-100007:090:0600:0200% 000
Evgeny SvechnikovLW12310312018:532:1002:0510% 000
Juraj SlafkovskyLW101-1022018:142:1010:00040% 510
Justin BarronD000-1002015:240:0000:4600% 000
Lias AnderssonC0220023017:320:0602:08175% 410
Lucas CondottaLW1010033118:041:4901:2900% 010
Mattias NorlinderD0001200123:202:1801:0800% 000
Mitchell StephensC000-1010015:260:0000:0000% 000
Nathan LegareRW000020002:310:0000:0000% 000
Nicolas BeaudinD000-2011118:131:4701:3000% 001
Owen BeckC2130024021:381:4901:38059% 2210
Tanner PearsonLW0220032023:042:1600:34025% 412
Wayne SimmondsRW0220050016:061:4900:00033% 300
William TrudeauD000-1010021:111:4702:0600% 010
Xavier SimoneauC000000001:390:0000:2400% 000
Syracuse Crunch
Player Name POS G A P +/- PIM HIT SHT SB MP PP MP PP SHT PK MP PK SHT FO% FOT GA TA
Alex Barre-BouletC1231245221:072:1000:07041% 2700
Brandon HickeyD0003010015:460:0000:3800% 000
Brenden MillerD000-1201018:461:5600:4300% 000
Cole KoepkeLW1120032023:192:1000:500100% 111
Declan CarlileD011-1010119:570:0000:2500% 001
Felix RobertC000000103:000:2400:0000% 000
Gabriel FortierLW000-1034118:101:2800:5010% 011
Gage GoncalvesC0111022016:260:1700:09075% 420
Ilya UsauC000000001:390:0000:5500% 000
Jack FinleyC000-1000019:211:2902:04067% 300
Jack ThompsonD101-1204122:021:5621:4600% 001
Jake MassieD0003002018:462:1402:1900% 000
Jaydon DureauLW1122021015:310:3201:0600% 001
Logan BrownC000-2011021:191:2802:09043% 700
Lucas EdmondsRW0111020420:552:1000:0000% 002
Mitchell ChaffeeRW000000000:570:2200:0000% 000
Sean DayD000-1001024:442:1402:1900% 000
Simon RyforsC2132025014:070:0000:00025% 400

Laval Rocket

5 vs 5 Forward
Line #Left WingCenterRight WingPHYDFOFWanted %Time %Time Play
1Evgeny SvechnikovOwen BeckTanner Pearson1223528%14:00
2Lucas CondottaWayne SimmondsLias Andersson1222529%14:43
3Juraj SlafkovskyCurtis McKenzieMitchell Stephens1222431%15:26
4Emil HeinemanTanner PearsonOwen Beck1221613%6:24
5 vs 5 Defense
Line #DefenseDefensePHYDFOFWanted %Time %Time Play
1Chris WidemanMattias Norlinder1224039%19:28
2William TrudeauNicolas Beaudin1223030%15:02
3Brady KeeperJustin Barron1222027%13:28
4William TrudeauChris Wideman122105%2:35
Power Play Forward
Line #Left WingCenterRight WingPHYDFOFWanted %Time %Time Play
1Evgeny SvechnikovJuraj SlafkovskyTanner Pearson1226056%2:16
2Wayne SimmondsOwen BeckLucas Condotta1224044%1:49
Power Play Defense
Line #DefenseDefensePHYDFOFWanted %Time %Time Play
1Chris WidemanMattias Norlinder1226056%2:18
2William TrudeauNicolas Beaudin1224044%1:47
Penalty Kill 4 Players Forward
Line #CenterWingPHYDFOFWanted %Time %Time Play
1Lias AnderssonEvgeny Svechnikov1226086%3:36
2Owen BeckTanner Pearson1224014%0:34
Penalty Kill 4 Players Defense
Line #DefenseDefensePHYDFOFWanted %Time %Time Play
1Mattias NorlinderChris Wideman1226054%2:16
2William TrudeauBrady Keeper1224046%1:54
Penalty Kill 3 Players
Line #WingPHYDFOFWanted %Time %Time PlayDefenseDefensePHYDFOFWanted %Time %Time Play
1Tanner Pearson122600%0:00 Chris WidemanMattias Norlinder122600%0:00
2Owen Beck122400%0:00 William TrudeauNicolas Beaudin122400%0:00
4 vs 4 Forward
Line #CenterWingPHYDFOFWanted %Time %Time Play
1Juraj SlafkovskyTanner Pearson122600%0:00
2Owen BeckEvgeny Svechnikov122400%0:00
4 vs 4 Defense
Line #DefensePHYDFOFWanted %Time %Time Play
1Nicolas BeaudinChris Wideman122600%0:00
2William TrudeauMattias Norlinder122400%0:00
Last Minutes Offensive
Left WingCenterRight WingDefenseDefense
Evgeny SvechnikovJuraj SlafkovskyTanner PearsonChris WidemanMattias Norlinder
Last Minutes Defensive
Left WingCenterRight WingDefenseDefense
Evgeny SvechnikovJuraj SlafkovskyTanner PearsonChris WidemanMattias Norlinder
Time
Total ForwardTotal DefenseLast Minutes OffensiveLast Minutes Defensive
60:00 60:00 1:120:00
Extra Forwards
Normal PowerPlayPenalty Kill
Tanner Pearson, Lias Andersson, Owen BeckEvgeny Svechnikov, Owen BeckOwen Beck
Extra Defensemen
Normal PowerPlayPenalty Kill
William Trudeau, Chris Wideman, Mattias NorlinderWilliam Trudeau, Nicolas BeaudinWilliam Trudeau
Penalty Shots
Owen Beck, Lias Andersson, Curtis McKenzie, Mitchell Stephens, Evgeny Svechnikov
Goalie
Joseph Vrbetic, Dylan Ferguson
Custom OT Lines Forwards
Lias Andersson, Curtis McKenzie, Mitchell Stephens, Evgeny Svechnikov, Juraj Slafkovsky, Tanner Pearson, Owen Beck, Lucas Condotta, Wayne Simmonds, Emil Heineman
Custom OT Lines Defensemen
Chris Wideman, Nicolas Beaudin, William Trudeau, Brady Keeper, Mattias Norlinder
Scratches
Sean Farrell (Herniated Disc Injury), Filip Mesar (Healthy), Jan Mysak (Healthy), Jayden Struble (Healthy)

Syracuse Crunch

5 vs 5 Forward
Line #Left WingCenterRight WingPHYDFOFWanted %Time %Time Play
1Cole KoepkeAlex Barre-BouletLucas Edmonds1224035%17:54
2Gabriel FortierLogan BrownJack Finley1223032%16:12
3Jaydon DureauSimon RyforsGage Goncalves1222028%14:07
4Cole KoepkeGage GoncalvesLogan Brown122105%2:17
5 vs 5 Defense
Line #DefenseDefensePHYDFOFWanted %Time %Time Play
1Declan CarlileSean Day1224041%20:43
2Jack ThompsonBrenden Miller1223030%15:03
3Jake MassieBrandon Hickey1222022%10:52
4Jack ThompsonSean Day122108%3:52
Power Play Forward
Line #Left WingCenterRight WingPHYDFOFWanted %Time %Time Play
1Cole KoepkeAlex Barre-BouletLucas Edmonds1226061%2:32
2Gabriel FortierLogan BrownJack Finley1224039%1:38
Power Play Defense
Line #DefenseDefensePHYDFOFWanted %Time %Time Play
1Jake MassieSean Day1226054%2:14
2Jack ThompsonBrenden Miller1224046%1:56
Penalty Kill 4 Players Forward
Line #CenterWingPHYDFOFWanted %Time %Time Play
1Jack FinleyLogan Brown1226080%3:15
2Cole KoepkeGabriel Fortier1224020%0:50
Penalty Kill 4 Players Defense
Line #DefenseDefensePHYDFOFWanted %Time %Time Play
1Jake MassieSean Day1226057%2:19
2Jack ThompsonBrenden Miller1224043%1:46
Penalty Kill 3 Players
Line #WingPHYDFOFWanted %Time %Time PlayDefenseDefensePHYDFOFWanted %Time %Time Play
1Cole Koepke122600%0:00 Brandon HickeySean Day122600%0:00
2Logan Brown122400%0:00 Jack ThompsonBrenden Miller122400%0:00
4 vs 4 Forward
Line #CenterWingPHYDFOFWanted %Time %Time Play
1Lucas EdmondsLogan Brown122600%0:00
2Cole KoepkeGabriel Fortier122400%0:00
4 vs 4 Defense
Line #DefensePHYDFOFWanted %Time %Time Play
1Brandon HickeySean Day122600%0:00
2Jack ThompsonBrenden Miller122400%0:00
Last Minutes Offensive
Left WingCenterRight WingDefenseDefense
Cole KoepkeAlex Barre-BouletLucas EdmondsDeclan CarlileSean Day
Last Minutes Defensive
Left WingCenterRight WingDefenseDefense
Cole KoepkeAlex Barre-BouletLucas EdmondsDeclan CarlileSean Day
Time
Total ForwardTotal DefenseLast Minutes OffensiveLast Minutes Defensive
60:00 60:00 0:001:15
Extra Forwards
Normal PowerPlayPenalty Kill
Jack Finley, Felix Robert, Ilya UsauJack Finley, Felix RobertIlya Usau
Extra Defensemen
Normal PowerPlayPenalty Kill
Jake Massie, Brandon Hickey, Jack ThompsonJake Massie, Brandon HickeyJack Thompson
Penalty Shots
Jack Finley, Logan Brown, Cole Koepke, Gabriel Fortier, Simon Ryfors
Goalie
Luke Peressini, Garrett Metcalf
Custom OT Lines Forwards
Alex Barre-Boulet, Logan Brown, Cole Koepke, Gabriel Fortier, Simon Ryfors, Gage Goncalves, Jack Finley, Lucas Edmonds, Felix Robert, Ilya Usau
Custom OT Lines Defensemen
Brandon Hickey, Sean Day, Jack Thompson, Brenden Miller, Jake Massie
Scratches
Bennett MacArthur (Healthy), Hugo Alnefelt (Exhaustion)


Play-by-Play

1st period


0:01 of 1st period - Owen Beck wins face-off versus Alex Barre-Boulet in neutral zone.
0:49 of 1st period - Simon Ryfors is hit by Curtis McKenzie and loses puck.
1:53 of 1st period - Owen Beck is hit by Cole Koepke and loses puck.
2:23 of 1st period - Icing by Chris Wideman.
2:24 of 1st period - Alex Barre-Boulet wins face-off versus Tanner Pearson in Laval Rocket zone.
2:34 of 1st period - Snap shot by Tanner Pearson.
2:34 of 1st period - Stopped by Luke Peressini with a rebound.
3:03 of 1st period - Icing by Declan Carlile.
3:04 of 1st period - Curtis McKenzie wins face-off versus Alex Barre-Boulet in Syracuse Crunch zone.
3:29 of 1st period - Logan Brown is hit by Juraj Slafkovsky and loses puck.
4:39 of 1st period - Logan Brown is hit by Tanner Pearson and loses puck.
5:19 of 1st period - Gabriel Fortier is hit by Curtis McKenzie.
9:35 of 1st period - Icing by Declan Carlile.
9:36 of 1st period - Curtis McKenzie wins face-off versus Simon Ryfors in Syracuse Crunch zone.
9:41 of 1st period - Snap shot by Lias Andersson.
9:41 of 1st period - Stopped by Luke Peressini without a rebound.
9:42 of 1st period - Lias Andersson wins face-off versus Alex Barre-Boulet in Syracuse Crunch zone.
10:11 of 1st period - Snap shot by Lias Andersson.
10:11 of 1st period - Stopped by Luke Peressini with a rebound.
10:13 of 1st period - Wrist shot by Owen Beck.
10:13 of 1st period - Goal by Owen Beck - Laval Rocket : 1 - Syracuse Crunch : 0.
10:14 of 1st period - Gage Goncalves wins face-off versus Owen Beck in neutral zone.
10:19 of 1st period - Slapshot by Gage Goncalves.
10:19 of 1st period - Shot Misses the Net.
10:22 of 1st period - Icing by Chris Wideman.
10:23 of 1st period - Gage Goncalves wins face-off versus Owen Beck in Laval Rocket zone.
10:31 of 1st period - Slapshot by Chris Wideman.
10:31 of 1st period - Stopped by Luke Peressini with a rebound.
10:33 of 1st period - Snap shot by Owen Beck.
10:33 of 1st period - Stopped by Luke Peressini with a rebound.
10:35 of 1st period - Slapshot by Chris Wideman.
10:35 of 1st period - Deflect By Cole Koepke.
10:35 of 1st period - Stopped by Luke Peressini with a rebound.
10:37 of 1st period - Snap shot by Evgeny Svechnikov.
10:37 of 1st period - Stopped by Luke Peressini with a rebound.
10:55 of 1st period - Snap shot by Owen Beck.
10:55 of 1st period - Goal by Owen Beck - Laval Rocket : 2 - Syracuse Crunch : 0.
10:56 of 1st period - Alex Barre-Boulet wins face-off versus Owen Beck in neutral zone.
10:59 of 1st period - Wrist shot by Cole Koepke.
10:59 of 1st period - Shot Misses the Net.
11:26 of 1st period - Slapshot by Lias Andersson.
11:26 of 1st period - Deflect By Alex Barre-Boulet.
11:26 of 1st period - Shot Misses the Net.
11:26 of 1st period - Puck is out of play.
11:27 of 1st period - Logan Brown wins face-off versus Wayne Simmonds in Syracuse Crunch zone.
11:40 of 1st period - Wayne Simmonds is hit by Declan Carlile and loses puck.
11:53 of 1st period - Simon Ryfors is hit by Wayne Simmonds and loses puck.
12:15 of 1st period - Snap shot by Lucas Condotta.
12:15 of 1st period - Goal by Lucas Condotta - Laval Rocket : 3 - Syracuse Crunch : 0.
12:16 of 1st period - Owen Beck wins face-off versus Alex Barre-Boulet in neutral zone.
12:18 of 1st period - Off-side.
12:19 of 1st period - Owen Beck wins face-off versus Alex Barre-Boulet in neutral zone.
12:22 of 1st period - Wrist shot by Evgeny Svechnikov.
12:22 of 1st period - Stopped by Luke Peressini with a rebound.
12:24 of 1st period - Slapshot by Owen Beck.
12:24 of 1st period - Stopped by Luke Peressini with a rebound.
12:26 of 1st period - Snap shot by Evgeny Svechnikov.
12:26 of 1st period - Stopped by Luke Peressini with a rebound.
12:28 of 1st period - Slapshot by Owen Beck.
12:28 of 1st period - Shot Blocked by Alex Barre-Boulet.
12:34 of 1st period - Wrist shot by Owen Beck.
12:34 of 1st period - Shot Misses the Net.
12:36 of 1st period - Backhand shot by Evgeny Svechnikov.
12:36 of 1st period - Stopped by Luke Peressini with a rebound.
12:46 of 1st period - Wrist shot by Lucas Condotta.
12:46 of 1st period - Stopped by Luke Peressini with a rebound.
12:48 of 1st period - Slapshot by Chris Wideman.
12:48 of 1st period - Stopped by Luke Peressini with a rebound.
12:50 of 1st period - Snap shot by Wayne Simmonds.
12:50 of 1st period - Deflect By Lias Andersson.
12:50 of 1st period - Shot Blocked by Lucas Edmonds.
12:50 of 1st period - Puck is out of play.
12:51 of 1st period - Logan Brown wins face-off versus Wayne Simmonds in Syracuse Crunch zone.
12:51 of 1st period - Logan Brown is hit by Lucas Condotta.
13:29 of 1st period - Backhand shot by Evgeny Svechnikov.
13:29 of 1st period - Shot Misses the Net.
13:31 of 1st period - Backhand shot by Nicolas Beaudin.
13:31 of 1st period - Stopped by Luke Peressini with a rebound.
13:45 of 1st period - Backhand shot by Alex Barre-Boulet.
13:45 of 1st period - Shot Misses the Net.
15:33 of 1st period - Icing by Wayne Simmonds.
15:34 of 1st period - Owen Beck wins face-off versus Alex Barre-Boulet in Laval Rocket zone.
15:41 of 1st period - Lucas Edmonds is hit by Owen Beck.
16:16 of 1st period - Juraj Slafkovsky is hit by Gage Goncalves and loses puck.
16:33 of 1st period - Evgeny Svechnikov is hit by Lucas Edmonds and loses puck.
17:16 of 1st period - Curtis McKenzie is hit by Gabriel Fortier and loses puck.
18:42 of 1st period - Wayne Simmonds is hit by Lucas Edmonds and loses puck.
18:59 of 1st period - Declan Carlile is hit by Tanner Pearson and loses puck.
Goals for this period are 3 for Laval Rocket vs 0 for Syracuse Crunch.
Shots for this period are 17 for Laval Rocket vs 0 for Syracuse Crunch.

2nd period


0:01 of 2nd period - Owen Beck wins face-off versus Alex Barre-Boulet in neutral zone.
0:16 of 2nd period - Wrist shot by Evgeny Svechnikov.
0:16 of 2nd period - Stopped by Luke Peressini with a rebound.
0:58 of 2nd period - Snap shot by Simon Ryfors.
0:58 of 2nd period - Deflect By Gage Goncalves.
0:58 of 2nd period - Shot Misses the Net.
0:58 of 2nd period - Puck is out of play.
0:59 of 2nd period - Owen Beck wins face-off versus Alex Barre-Boulet in Laval Rocket zone.
1:12 of 2nd period - Wrist shot by Evgeny Svechnikov.
1:12 of 2nd period - Stopped by Luke Peressini with a rebound.
1:14 of 2nd period - Wrist shot by Evgeny Svechnikov.
1:14 of 2nd period - Shot Blocked by Lucas Edmonds.
1:16 of 2nd period - Snap shot by Owen Beck.
1:16 of 2nd period - Shot Misses the Net.
1:55 of 2nd period - Slapshot by Simon Ryfors.
1:55 of 2nd period - Goal by Simon Ryfors - Laval Rocket : 3 - Syracuse Crunch : 1.
1:56 of 2nd period - Cole Koepke wins face-off versus Owen Beck in neutral zone.
2:44 of 2nd period - Snap shot by Lucas Condotta.
2:44 of 2nd period - Stopped by Luke Peressini with a rebound.
2:46 of 2nd period - Snap shot by Lias Andersson.
2:46 of 2nd period - Shot Hit the Post.
3:00 of 2nd period - Snap shot by Simon Ryfors.
3:00 of 2nd period - Goal by Simon Ryfors - Laval Rocket : 3 - Syracuse Crunch : 2.
3:01 of 2nd period - Alex Barre-Boulet wins face-off versus Owen Beck in neutral zone.
3:04 of 2nd period - Wrist shot by Alex Barre-Boulet.
3:04 of 2nd period - Stopped by Joseph Vrbetic with a rebound.
3:06 of 2nd period - Minor Penalty to Chris Wideman for Cross-checking.
3:07 of 2nd period - Lias Andersson wins face-off versus Alex Barre-Boulet in Laval Rocket zone.
3:07 of 2nd period - Lias Andersson is hit by Cole Koepke.
3:13 of 2nd period - Snap shot by Evgeny Svechnikov.
3:13 of 2nd period - Stopped by Luke Peressini with a rebound.
3:19 of 2nd period - Alex Barre-Boulet is hit by Evgeny Svechnikov and loses puck.
4:04 of 2nd period - Alex Barre-Boulet is hit by Owen Beck and loses puck.
5:06 of 2nd period - Penalty to Chris Wideman is over, Chris Wideman is back on ice.
5:23 of 2nd period - Snap shot by Juraj Slafkovsky.
5:23 of 2nd period - Shot Misses the Net.
5:57 of 2nd period - Slapshot by Justin Barron.
5:57 of 2nd period - Shot Misses the Net.
5:59 of 2nd period - Slapshot by Emil Heineman.
5:59 of 2nd period - Shot Misses the Net.
6:23 of 2nd period - Cole Koepke is hit by Lias Andersson.
6:40 of 2nd period - Icing by Chris Wideman.
6:41 of 2nd period - Alex Barre-Boulet wins face-off versus Curtis McKenzie in Laval Rocket zone.
7:13 of 2nd period - Snap shot by Tanner Pearson.
7:13 of 2nd period - Stopped by Luke Peressini with a rebound.
7:27 of 2nd period - Mattias Norlinder is hit by Gabriel Fortier and loses puck.
8:00 of 2nd period - Snap shot by Justin Barron.
8:00 of 2nd period - Stopped by Luke Peressini with a rebound.
8:17 of 2nd period - Cole Koepke is hit by Wayne Simmonds and loses puck.
8:38 of 2nd period - Mitchell Stephens is hit by Logan Brown.
8:54 of 2nd period - Snap shot by Tanner Pearson.
8:54 of 2nd period - Shot Hit the Post.
9:02 of 2nd period - William Trudeau is hit by Cole Koepke and loses puck.
9:15 of 2nd period - Logan Brown is hit by Lucas Condotta and loses puck.
9:48 of 2nd period - Cole Koepke is hit by Lucas Condotta and loses puck.
10:01 of 2nd period - Jack Thompson is hit by Tanner Pearson and loses puck.
10:08 of 2nd period - Minor Penalty to Brenden Miller for Holding Stick.
10:09 of 2nd period - Jack Finley wins face-off versus Juraj Slafkovsky in Syracuse Crunch zone.
10:09 of 2nd period - Jack Finley is hit by Evgeny Svechnikov.
11:54 of 2nd period - Icing by Lucas Condotta.
11:55 of 2nd period - Juraj Slafkovsky wins face-off versus Logan Brown in Laval Rocket zone.
12:08 of 2nd period - Penalty to Brenden Miller is over, Brenden Miller is back on ice.
12:26 of 2nd period - Alex Barre-Boulet is hit by Nicolas Beaudin and loses puck.
12:47 of 2nd period - Slapshot by Gage Goncalves.
12:47 of 2nd period - Stopped by Joseph Vrbetic with a rebound.
12:49 of 2nd period - Slapshot by Jake Massie.
12:49 of 2nd period - Shot Blocked by Curtis McKenzie.
12:51 of 2nd period - Snap shot by Simon Ryfors.
12:51 of 2nd period - Stopped by Joseph Vrbetic with a rebound.
12:53 of 2nd period - Slapshot by Sean Day.
12:53 of 2nd period - Deflect By Justin Barron.
12:53 of 2nd period - Stopped by Joseph Vrbetic without a rebound.
12:54 of 2nd period - Owen Beck wins face-off versus Simon Ryfors in Laval Rocket zone.
12:54 of 2nd period - Owen Beck is hit by Gage Goncalves.
13:06 of 2nd period - Snap shot by Simon Ryfors.
13:06 of 2nd period - Stopped by Joseph Vrbetic with a rebound.
13:08 of 2nd period - Wrist shot by Gage Goncalves.
13:08 of 2nd period - Stopped by Joseph Vrbetic with a rebound.
13:37 of 2nd period - Tanner Pearson is hit by Alex Barre-Boulet and loses puck.
13:42 of 2nd period - Snap shot by Alex Barre-Boulet.
13:42 of 2nd period - Stopped by Joseph Vrbetic with a rebound.
13:44 of 2nd period - Wrist shot by Lucas Edmonds.
13:44 of 2nd period - Shot Misses the Net.
14:09 of 2nd period - Off-side.
14:10 of 2nd period - Wayne Simmonds wins face-off versus Logan Brown in neutral zone.
14:23 of 2nd period - Snap shot by Wayne Simmonds.
14:23 of 2nd period - Shot Blocked by Gabriel Fortier.
15:20 of 2nd period - Mattias Norlinder is hit by Alex Barre-Boulet and loses puck.
15:33 of 2nd period - Wrist shot by Logan Brown.
15:33 of 2nd period - Shot Blocked by Lucas Condotta.
15:35 of 2nd period - Slapshot by Jack Thompson.
15:35 of 2nd period - Deflect By Justin Barron.
15:35 of 2nd period - Stopped by Joseph Vrbetic with a rebound.
15:37 of 2nd period - Slapshot by Brenden Miller.
15:37 of 2nd period - Stopped by Joseph Vrbetic with a rebound.
16:48 of 2nd period - Nicolas Beaudin is hit by Gabriel Fortier and loses puck.
17:16 of 2nd period - Sean Day is hit by Lias Andersson and loses puck.
17:53 of 2nd period - Cole Koepke is hit by Evgeny Svechnikov and loses puck.
19:34 of 2nd period - Jack Finley is hit by Curtis McKenzie.
Goals for this period are 0 for Laval Rocket vs 2 for Syracuse Crunch.
Shots for this period are 6 for Laval Rocket vs 11 for Syracuse Crunch.

3rd period


0:01 of 3rd period - Alex Barre-Boulet wins face-off versus Owen Beck in neutral zone.
0:14 of 3rd period - Wrist shot by Alex Barre-Boulet.
0:14 of 3rd period - Goal by Alex Barre-Boulet - Laval Rocket : 3 - Syracuse Crunch : 3.
0:15 of 3rd period - Owen Beck wins face-off versus Alex Barre-Boulet in neutral zone.
0:18 of 3rd period - Snap shot by Evgeny Svechnikov.
0:18 of 3rd period - Stopped by Luke Peressini with a rebound.
0:33 of 3rd period - Off-side.
0:34 of 3rd period - Curtis McKenzie wins face-off versus Logan Brown in neutral zone.
0:36 of 3rd period - Off-side.
0:37 of 3rd period - Curtis McKenzie wins face-off versus Logan Brown in neutral zone.
0:59 of 3rd period - Icing by William Trudeau.
1:00 of 3rd period - Owen Beck wins face-off versus Alex Barre-Boulet in Laval Rocket zone.
1:00 of 3rd period - Owen Beck is hit by Alex Barre-Boulet.
1:03 of 3rd period - Icing by Tanner Pearson.
1:04 of 3rd period - Alex Barre-Boulet wins face-off versus Owen Beck in Laval Rocket zone.
1:05 of 3rd period - Snap shot by Cole Koepke.
1:05 of 3rd period - Stopped by Joseph Vrbetic with a rebound.
1:07 of 3rd period - Wrist shot by Alex Barre-Boulet.
1:07 of 3rd period - Stopped by Joseph Vrbetic with a rebound.
1:09 of 3rd period - Wrist shot by Alex Barre-Boulet.
1:09 of 3rd period - Stopped by Joseph Vrbetic with a rebound.
1:15 of 3rd period - Snap shot by Cole Koepke.
1:15 of 3rd period - Goal by Cole Koepke - Laval Rocket : 3 - Syracuse Crunch : 4.
1:16 of 3rd period - Owen Beck wins face-off versus Alex Barre-Boulet in neutral zone.
1:19 of 3rd period - Slapshot by Evgeny Svechnikov.
1:19 of 3rd period - Goal by Evgeny Svechnikov - Laval Rocket : 4 - Syracuse Crunch : 4.
1:20 of 3rd period - Owen Beck wins face-off versus Alex Barre-Boulet in neutral zone.
1:45 of 3rd period - Declan Carlile is hit by Wayne Simmonds and loses puck.
2:05 of 3rd period - Off-side.
2:06 of 3rd period - Curtis McKenzie wins face-off versus Simon Ryfors in neutral zone.
2:12 of 3rd period - Minor Penalty to Jack Thompson for High sticking.
2:13 of 3rd period - Juraj Slafkovsky wins face-off versus Jack Finley in Syracuse Crunch zone.
2:19 of 3rd period - Wrist shot by Juraj Slafkovsky.
2:19 of 3rd period - Goal by Juraj Slafkovsky - Laval Rocket : 5 - Syracuse Crunch : 4.
2:20 of 3rd period - Owen Beck wins face-off versus Alex Barre-Boulet in neutral zone.
2:23 of 3rd period - Slapshot by Chris Wideman.
2:23 of 3rd period - Shot Misses the Net.
2:37 of 3rd period - Slapshot by Tanner Pearson.
2:37 of 3rd period - Shot Misses the Net.
3:18 of 3rd period - Off-side.
3:19 of 3rd period - Alex Barre-Boulet wins face-off versus Owen Beck in neutral zone.
4:09 of 3rd period - Jack Finley is hit by Mitchell Stephens and loses puck.
4:16 of 3rd period - Wrist shot by Gabriel Fortier.
4:16 of 3rd period - Stopped by Joseph Vrbetic with a rebound.
4:18 of 3rd period - Slapshot by Jake Massie.
4:18 of 3rd period - Stopped by Joseph Vrbetic with a rebound.
4:20 of 3rd period - Snap shot by Jake Massie.
4:20 of 3rd period - Deflect By Juraj Slafkovsky.
4:20 of 3rd period - Stopped by Joseph Vrbetic with a rebound.
4:22 of 3rd period - Snap shot by Logan Brown.
4:22 of 3rd period - Shot Blocked by Mattias Norlinder.
4:24 of 3rd period - Slapshot by Logan Brown.
4:24 of 3rd period - Stopped by Joseph Vrbetic with a rebound.
4:26 of 3rd period - Snap shot by Gabriel Fortier.
4:26 of 3rd period - Stopped by Joseph Vrbetic with a rebound.
4:28 of 3rd period - Wrist shot by Gabriel Fortier.
4:28 of 3rd period - Deflect By Curtis McKenzie.
4:28 of 3rd period - Stopped by Joseph Vrbetic with a rebound.
4:30 of 3rd period - Snap shot by Jack Finley.
4:30 of 3rd period - Shot Misses the Net.
4:32 of 3rd period - Snap shot by Gabriel Fortier.
4:32 of 3rd period - Shot Blocked by Chris Wideman.
4:34 of 3rd period - Minor Penalty to Mattias Norlinder for Holding.
4:35 of 3rd period - Lias Andersson wins face-off versus Alex Barre-Boulet in Laval Rocket zone.
4:46 of 3rd period - Snap shot by Lias Andersson.
4:46 of 3rd period - Stopped by Luke Peressini with a rebound.
4:48 of 3rd period - Slapshot by William Trudeau.
4:48 of 3rd period - Shot Blocked by Alex Barre-Boulet.
5:32 of 3rd period - Wrist shot by Tanner Pearson.
5:32 of 3rd period - Shot Misses the Net.
6:27 of 3rd period - Brady Keeper is hit by Jaydon Dureau and loses puck.
6:34 of 3rd period - Penalty to Mattias Norlinder is over, Mattias Norlinder is back on ice.
6:38 of 3rd period - Lucas Condotta is hit by Simon Ryfors and loses puck.
6:47 of 3rd period - Simon Ryfors is hit by Chris Wideman and loses puck.
7:30 of 3rd period - Gabriel Fortier is hit by Brady Keeper.
7:36 of 3rd period - Wrist shot by Owen Beck.
7:36 of 3rd period - Shot Misses the Net.
7:43 of 3rd period - Icing by Brandon Hickey.
7:44 of 3rd period - Owen Beck wins face-off versus Alex Barre-Boulet in Syracuse Crunch zone.
7:53 of 3rd period - Snap shot by Juraj Slafkovsky.
7:53 of 3rd period - Shot Misses the Net.
7:55 of 3rd period - Slapshot by Curtis McKenzie.
7:55 of 3rd period - Shot Misses the Net.
7:57 of 3rd period - Snap shot by Juraj Slafkovsky.
7:57 of 3rd period - Shot Misses the Net.
8:44 of 3rd period - Icing by Simon Ryfors.
8:45 of 3rd period - Simon Ryfors wins face-off versus Curtis McKenzie in Syracuse Crunch zone.
9:15 of 3rd period - Backhand shot by Justin Barron.
9:15 of 3rd period - Stopped by Luke Peressini with a rebound.
9:17 of 3rd period - Backhand shot by Brady Keeper.
9:17 of 3rd period - Deflect By Evgeny Svechnikov.
9:17 of 3rd period - Stopped by Luke Peressini with a rebound.
9:19 of 3rd period - Snap shot by Brady Keeper.
9:19 of 3rd period - Shot Blocked by Jack Thompson.
10:26 of 3rd period - Justin Barron is hit by Jaydon Dureau.
10:40 of 3rd period - Jaydon Dureau is hit by Wayne Simmonds and loses puck.
10:51 of 3rd period - Jack Thompson is hit by William Trudeau and loses puck.
11:00 of 3rd period - William Trudeau is hit by Simon Ryfors and loses puck.
11:07 of 3rd period - Wrist shot by Simon Ryfors.
11:07 of 3rd period - Stopped by Joseph Vrbetic with a rebound.
11:09 of 3rd period - Slapshot by Declan Carlile.
11:09 of 3rd period - Shot Blocked by Nicolas Beaudin.
11:11 of 3rd period - Snap shot by Jaydon Dureau.
11:11 of 3rd period - Goal by Jaydon Dureau - Laval Rocket : 5 - Syracuse Crunch : 5.
11:12 of 3rd period - Alex Barre-Boulet wins face-off versus Tanner Pearson in neutral zone.
11:18 of 3rd period - Off-side.
11:19 of 3rd period - Alex Barre-Boulet wins face-off versus Owen Beck in neutral zone.
11:21 of 3rd period - Minor Penalty to Alex Barre-Boulet for Roughing.
11:22 of 3rd period - Jack Finley wins face-off versus Juraj Slafkovsky in Syracuse Crunch zone.
11:48 of 3rd period - Sean Day is hit by Wayne Simmonds and loses puck.
12:17 of 3rd period - Slapshot by Gabriel Fortier.
12:17 of 3rd period - Stopped by Joseph Vrbetic with a rebound.
13:21 of 3rd period - Penalty to Alex Barre-Boulet is over, Alex Barre-Boulet is back on ice.
13:59 of 3rd period - Lias Andersson is hit by Brandon Hickey and loses puck.
14:52 of 3rd period - Tanner Pearson is hit by Alex Barre-Boulet and loses puck.
15:57 of 3rd period - Snap shot by Felix Robert.
15:57 of 3rd period - Stopped by Joseph Vrbetic with a rebound.
16:23 of 3rd period - Minor Penalty to Nathan Legare for Tripping.
16:24 of 3rd period - Alex Barre-Boulet wins face-off versus Lias Andersson in Laval Rocket zone.
16:31 of 3rd period - Wrist shot by Alex Barre-Boulet.
16:31 of 3rd period - Shot Misses the Net.
16:33 of 3rd period - Slapshot by Jack Thompson.
16:33 of 3rd period - Stopped by Joseph Vrbetic with a rebound.
16:35 of 3rd period - Slapshot by Jack Thompson.
16:35 of 3rd period - Deflect By Evgeny Svechnikov.
16:35 of 3rd period - Goal by Jack Thompson - Laval Rocket : 5 - Syracuse Crunch : 6.
16:36 of 3rd period - Gage Goncalves wins face-off versus Tanner Pearson in neutral zone.
16:39 of 3rd period - Wrist shot by Jack Thompson.
16:39 of 3rd period - Stopped by Joseph Vrbetic without a rebound.
16:40 of 3rd period - Tanner Pearson wins face-off versus Gage Goncalves in Laval Rocket zone.
17:09 of 3rd period - Snap shot by Curtis McKenzie.
17:09 of 3rd period - Deflect By Juraj Slafkovsky.
17:09 of 3rd period - Stopped by Luke Peressini with a rebound.
17:11 of 3rd period - Snap shot by Juraj Slafkovsky.
17:11 of 3rd period - Deflect By Gage Goncalves.
17:11 of 3rd period - Shot Misses the Net.
17:11 of 3rd period - Puck is out of play.
17:12 of 3rd period - Logan Brown wins face-off versus Curtis McKenzie in Syracuse Crunch zone.
17:49 of 3rd period - Slapshot by Mattias Norlinder.
17:49 of 3rd period - Shot Blocked by Declan Carlile.
17:55 of 3rd period - Declan Carlile is hit by Curtis McKenzie and loses puck.
19:03 of 3rd period - Cole Koepke is hit by Juraj Slafkovsky and loses puck.
19:06 of 3rd period - Laval Rocket, Joseph Vrbetic is pulled from the net.
19:36 of 3rd period - Snap shot by Evgeny Svechnikov.
19:36 of 3rd period - Shot Blocked by Lucas Edmonds.
19:38 of 3rd period - Wrist shot by Evgeny Svechnikov.
19:38 of 3rd period - Stopped by Luke Peressini with a rebound.
19:40 of 3rd period - Slapshot by Justin Barron.
19:40 of 3rd period - Shot Blocked by Lucas Edmonds.
19:54 of 3rd period - Wrist shot by Juraj Slafkovsky.
19:54 of 3rd period - Shot Misses the Net.
19:56 of 3rd period - Wrist shot by Evgeny Svechnikov.
19:56 of 3rd period - Stopped by Luke Peressini without a rebound.
19:57 of 3rd period - Martin St. Louis call a timeout for Laval Rocket.
19:57 of 3rd period - Alex Barre-Boulet wins face-off versus Juraj Slafkovsky in Syracuse Crunch zone.
Goals for this period are 2 for Laval Rocket vs 4 for Syracuse Crunch.
Shots for this period are 9 for Laval Rocket vs 18 for Syracuse Crunch.